Map: Lightshade LE

Players

goblin

  • Race: Protoss Protoss
  • League: Master
  • Spawn Location: 11:00

Lambo - Winner!

  • Race: Zerg Zerg
  • League: Master
  • Spawn Location: 5:00

Event: DreamHack SC2 Masters 2020 Winter

VOD

Have the link to the VOD?

Description

Time

  • Played on: Nov. 1, 2020, 12:28 p.m.
  • Length: 10:20

All games in this series

Show
View Real Time Build Order
Export as new Build Order

goblin Protoss 

Build Orders: Nexus First 

Get SALT Encoding   

  12  0:00  Probe  
  13  0:12  Probe  
  14  0:18  Pylon  
  14  0:24  Probe (Chrono Boost)  
  15  0:37  Probe (Chrono Boost)  
  16  0:43  Probe (Chrono Boost)  
  17  0:51  Probe  
  18  1:04  Nexus  
  18  1:14  Gateway  
  18  1:17  Probe  
  19  1:22  Assimilator  
  19  1:29  Probe  
  19  1:30  Assimilator  
  20  1:37  Pylon  
  20  1:41  Probe (Chrono Boost)  
  21  1:53  Probe (Chrono Boost)  
  22  1:57  Probe (Chrono Boost)  
  23  2:03  Cybernetics Core  
  23  2:04  Zealot  
  25  2:08  Probe (Chrono Boost)  
  26  2:17  Probe (Chrono Boost)  
  26  2:20  Probe (Chrono Boost)  
  28  2:25  Probe (Chrono Boost)  
  28  2:27  Probe (Chrono Boost)  
  30  2:30  Probe (Chrono Boost)  
  30  2:35  Probe  
  32  2:41  Stargate  
  32  2:42  Probe  
  33  2:47  Stalker, Probe  
  36  2:51  Warp Gate  
  36  2:54  Probe  
  37  2:59  Probe  
  37  3:01  Pylon  
  38  3:06  Shield Battery  
  38  3:08  Probe (Chrono Boost)  
  40  3:15  Probe (Chrono Boost)  
  40  3:17  Void Ray (Chrono Boost)  
  41  3:20  Assimilator, Probe (Chrono Boost)  
  41  3:26  Probe x2 (Chrono Boost)  
  47  3:30  Assimilator  
  47  3:34  Probe  
  47  3:36  Probe  
  47  3:37  Twilight Council  
  49  3:43  Pylon  
  49  3:46  Probe  
  51  3:48  Void Ray (Chrono Boost)  
  54  4:01  Pylon, Probe  
  55  4:06  Gateway, Probe  
  56  4:13  Probe  
  56  4:15  Resonating Glaives  
  57  4:21  Robotics Facility  
  57  4:25  Void Ray  
  57  4:26  Probe x2  
  59  4:38  Probe  
  64  4:49  Protoss Air Weapons Level 1  
  64  4:52  Nexus  
  64  4:54  Pylon  
  64  5:00  Gateway x2  
  64  5:03  Void Ray  
  64  5:04  Gateway x2  
  64  5:05  Probe x2  
  70  5:19  Pylon  
  70  5:26  Pylon  
  70  5:27  Gateway x2  
  70  5:29  Probe x2  
  70  5:33  Warp Prism (Chrono Boost)  
  72  5:42  Gateway  
  74  5:43  Probe x2  
  74  5:49  Adept x2  
  80  6:00  Adept  
  80  6:01  Adept x2  
  80  6:02  Observer  
  87  6:09  Adept  
  87  6:11  Shield Battery, Adept  
  91  6:22  Adept x4  
  91  6:25  Pylon  
  99  6:29  Adept x2  
  99  7:01  Adept x7  
  99  7:02  Adept x2  
  99  7:04  Probe x2  
  99  7:06  Probe  
  99  7:08  Pylon  
  116  7:09  Pylon  
  116  7:10  Pylon  
  115  7:25  Adept  
  115  7:26  Adept x4  
  115  7:28  Adept x4  
  133  7:33  Probe  
  133  7:36  Pylon  
  128  7:54  Fleet Beacon  
  128  7:57  Stargate, Templar Archives  
  112  8:10  Void Ray (Chrono Boost)  
  112  8:11  Adept x5  
  112  8:12  Adept x4  
  120  8:14  Psionic Storm  
  122  8:22  Probe  
  122  8:24  Assimilator  
  122  8:26  Assimilator, Pylon  
  115  8:41  Shield Battery  
  115  8:42  High Templar x2, Shield Battery  
  119  8:51  High Templar  
  119  8:53  Charge (Chrono Boost), Zealot x5  
  131  9:00  Adept  
  133  9:13  High Templar  
  133  9:15  Probe x2  
  133  9:16  Probe  
  136  9:21  Forge  
  136  9:23  High Templar  
  138  9:31  Shield Battery  
  138  9:33  Pylon  
  138  9:36  Stalker  
  146  9:41  Zealot x4  
  146  9:44  Probe x2  
  156  9:56  Zealot  
  164  10:03  Pylon  
  164  10:04  Pylon  
  164  10:05  Pylon  
  119  10:18  Archon  
Show
View Real Time Build Order
Export as new Build Order

Lambo Zerg - Winner!

Build Orders: Hatch First 

Get SALT Encoding   

  12  0:00  Drone  
  13  0:14  Overlord  
  13  0:17  Drone  
  14  0:32  Drone x2  
  16  0:47  Drone  
  17  0:52  Hatchery  
  17  0:55  Drone  
  17  0:58  Drone  
  18  1:08  Extractor  
  17  1:12  Spawning Pool  
  17  1:15  Drone  
  17  1:19  Drone  
  18  1:30  Drone  
  19  1:40  Drone  
  20  1:51  Overlord  
  20  1:59  Queen  
  22  2:04  Zergling x2  
  22  2:05  Queen, Zergling x2  
  26  2:09  Metabolic Boost  
  26  2:16  Drone x2  
  28  2:23  Drone  
  28  2:25  Drone  
  30  2:38  Drone  
  30  2:39  Drone  
  30  2:40  Hatchery  
  31  2:48  Drone  
  31  2:50  Overlord  
  32  2:58  Drone, Queen  
  35  3:06  Overlord  
  35  3:09  Drone x4  
  35  3:11  Drone  
  40  3:20  Queen  
  40  3:22  Drone x2  
  44  3:30  Overlord  
  44  3:31  Drone  
  44  3:33  Queen  
  47  3:38  Drone x2  
  49  3:42  Overlord  
  49  3:43  Drone x2  
  51  3:51  Drone  
  51  3:52  Overlord  
  51  3:55  Drone  
  53  4:01  Lair  
  53  4:03  Drone x2  
  53  4:06  Drone x3  
  53  4:09  Zergling x2  
  59  4:13  Queen  
  59  4:15  Drone x2  
  64  4:17  Drone x2  
  64  4:18  Drone  
  64  4:21  Extractor  
  64  4:22  Drone  
  64  4:23  Evolution Chamber, Extractor  
  64  4:27  Overlord  
  64  4:29  Drone  
  65  4:32  Drone  
  65  4:34  Overlord  
  65  4:37  Drone  
  67  4:43  Drone  
  67  4:45  Drone x2, Overlord  
  70  4:46  Drone  
  70  4:48  Drone  
  70  4:49  Drone  
  70  4:51  Queen  
  70  4:52  Spore Crawler, Zerg Missile Weapons Level 1  
  75  4:53  Spore Crawler  
  75  4:55  Queen  
  75  4:56  Drone  
  75  4:59  Drone x2  
  77  5:01  Drone  
  77  5:03  Drone x2  
  77  5:05  Hydralisk Den  
  79  5:09  Drone x2  
  79  5:10  Extractor  
  79  5:11  Overseer  
  80  5:14  Drone, Extractor  
  80  5:15  Drone x3, Extractor  
  80  5:16  Drone  
  80  5:18  Drone  
  80  5:20  Drone  
  86  5:21  Drone x2  
  86  5:24  Drone x2  
  86  5:28  Queen  
  91  5:30  Drone x2  
  91  5:33  Drone x3  
  96  5:40  Grooved Spines  
  96  5:41  Hydralisk  
  96  5:42  Overlord  
  97  5:48  Overlord  
  97  5:50  Overlord x2  
  97  6:00  Overlord  
  97  6:03  Hydralisk x4  
  105  6:10  Infestation Pit  
  104  6:11  Hydralisk x2  
  108  6:20  Hatchery, Hydralisk x5  
  117  6:28  Hydralisk x2  
  121  6:35  Drone x4  
  121  6:37  Hydralisk  
  127  6:41  Hydralisk  
  127  6:42  Spine Crawler, Hydralisk x3  
  127  6:44  Hydralisk  
  136  6:47  Hydralisk  
  136  6:48  Hydralisk  
  136  6:51  Hydralisk x2  
  135  6:54  Hydralisk  
  135  6:55  Zergling x4  
  135  7:00  Hydralisk  
  137  7:03  Zergling x2  
  137  7:05  Queen, Spine Crawler  
  137  7:08  Zergling x4  
  137  7:12  Zergling x2  
  137  7:13  Overlord  
  137  7:14  Overlord  
  138  7:18  Overlord  
  138  7:20  Muscular Augments, Overlord  
  138  7:23  Overlord  
  138  7:27  Baneling Nest  
  138  7:29  Zerg Missile Weapons Level 2  
  136  7:31  Queen, Hydralisk x2  
  136  7:34  Hydralisk  
  136  7:36  Hydralisk  
  146  7:39  Hydralisk x2  
  146  7:43  Hydralisk x2  
  153  7:48  Hydralisk  
  153  7:49  Zergling x2  
  145  8:00  Hydralisk x3  
  143  8:17  Drone x3  
  142  8:20  Drone  
  142  8:26  Centrifical Hooks  
  143  8:27  Drone  
  144  8:34  Drone x6  
  144  8:36  Drone  
  144  8:37  Drone  
  144  8:38  Drone  
  153  8:46  Drone x7  
  161  8:48  Zergling x4  
  161  8:50  Overseer  
  161  8:55  Zergling x8  
  166  9:00  Spore Crawler  
  165  9:03  Spine Crawler, Hydralisk  
  165  9:04  Zergling x4  
  165  9:08  Zergling x6  
  165  9:09  Zergling x2  
  172  9:15  Drone x2  
  172  9:16  Zergling x10  
  178  9:19  Zergling x4  
  178  9:20  Zergling x2  
  178  9:23  Zergling x2  
  178  9:24  Zergling x2  
  183  9:32  Overlord  
  183  9:34  Lurker Den  
  183  9:36  Baneling x5  
  182  9:38  Baneling x7  
  182  9:39  Baneling x7  
  182  9:44  Baneling x5  
  182  9:45  Baneling x4  
  182  9:46  Drone  
  182  9:50  Zergling x8  
  187  9:58  Baneling x11  
  187  10:00  Extractor  
  187  10:01  Extractor  
Tags
 
Add a new tag
Caveats
  • Supply blocks, unpowered buildings, or Contaminate may cause inaccurate times.
  • Supply counts are checked every 10 seconds.